Map: Ruins of Seras

Players

lesha

  • Race: Terran Terran

A.I. 1 (Harder) - Winner!

  • Race: Zerg Zerg

VOD

Have the link to the VOD?

Description

Time

  • Played on: Dec. 4, 2015, 9:16 p.m.
  • Length: 6:02
Show
View Real Time Build Order
Export as new Build Order

lesha Terran 

Build Orders:  

Get SALT Encoding   

  12  0:01  SCV  
  13  0:14  SCV  
  14  0:20  Supply Depot  
  14  0:26  SCV  
  15  0:42  SCV  
  16  0:45  Barracks  
  16  0:54  SCV  
  17  1:06  SCV  
  18  1:18  SCV  
  18  1:24  Refinery  
  19  1:33  Command Center  
  19  1:44  Orbital Command  
  19  1:48  Marine  
  20  2:12  SCV  
  21  2:18  Refinery  
  21  2:21  Marine  
  22  2:24  SCV  
  23  2:33  Factory  
  23  2:44  Marine  
  23  2:45  SCV  
  25  2:53  Supply Depot  
  25  2:57  SCV  
  26  3:02  Marine  
  26  3:03  Orbital Command  
  26  3:07  Bunker  
  26  3:09  SCV  
  27  3:21  SCV  
  27  3:26  Factory Tech Lab  
  28  3:30  Starport  
  28  3:39  SCV x2, Engineering Bay  
  30  3:46  Supply Depot  
  30  3:51  SCV x2  
  32  4:02  Barracks Tech Lab, Barracks  
  32  4:09  SCV x2  
  34  4:11  Barracks  
  34  4:14  Refinery  
  34  4:20  Supply Depot  
  34  4:21  SCV  
  34  4:22  SCV, Factory Tech Lab  
  36  4:31  Cloaking Field  
  36  4:39  SCV x2  
  38  4:47  Barracks  
  38  4:51  SCV x2  
  40  4:59  Engineering Bay  
  40  5:07  Barracks Reactor x2  
  40  5:09  Siege Tank  
  43  5:16  Supply Depot  
  43  5:19  SCV x2  
  45  5:31  SCV  
  45  5:32  SCV  
  47  5:38  Barracks Reactor  
  47  5:44  SCV x2  
Show
View Real Time Build Order
Export as new Build Order

A.I. 1 (Harder) Zerg - Winner!

Build Orders: Pool First 

Get SALT Encoding   

  12  0:00  Drone  
  13  0:12  Overlord  
  13  0:17  Drone  
  14  0:31  Drone x2  
  16  0:45  Spawning Pool  
  16  0:47  Drone  
  16  0:50  Drone  
  16  0:54  Extractor  
  16  0:56  Drone  
  17  1:06  Overlord  
  17  1:31  Zergling x2  
  17  1:32  Queen  
  18  1:36  Zergling x2  
  18  1:38  Drone  
  18  1:39  Roach Warren  
  21  1:46  Extractor  
  20  1:49  Drone  
  21  2:00  Drone  
  22  2:10  Overlord  
  22  2:21  Drone  
  23  2:32  Roach  
  25  2:39  Drone, Roach  
  25  2:41  Overlord  
  25  2:44  Roach  
  30  2:54  Roach  
  32  3:05  Roach  
  34  3:11  Roach  
  36  3:15  Overlord  
  36  3:16  Roach  
  38  3:21  Roach  
  40  3:27  Roach  
  42  3:38  Roach  
  42  3:40  Baneling Nest  
  43  3:43  Drone x2  
  43  3:47  Drone  
  46  3:51  Drone  
  47  4:00  Drone  
  48  4:11  Overlord  
  48  4:14  Drone  
  48  4:15  Evolution Chamber, Drone  
  49  4:20  Drone  
  50  4:50  Lair  
  50  4:59  Overlord  
  50  5:26  Hatchery  
  47  5:49  Drone, Hydralisk Den  
Tags
 
Add a new tag
Caveats
  • Supply blocks, unpowered buildings, or Contaminate may cause inaccurate times.
  • Supply counts are checked every 10 seconds.